 Dungeon Crawl Stone Soup version 0.23.0-3-gf3c87f2 (webtiles) character file.

Game seed: 8970880996510094134

0 Monsterracer the Charmwright (level 1, 0/12 HPs)
             Began as a Deep Elf Wanderer on Feb 22, 2019.
             Slain by a kobold (4 damage)
             ... on level 1 of the Dungeon.
             The game lasted 00:00:41 (183 turns).

Monsterracer the Charmwright (Deep Elf Wanderer)     Turns: 183, Time: 00:00:42

Health: 0/12       AC:  2    Str:  9    XL:     1   Next: 8%
Magic:  5/5        EV: 11    Int: 18    God:
Gold:   0          SH:  0    Dex: 12    Spells: 2/3 levels left

rFire    . . .     SeeInvis .   a - +2 short sword
rCold    . . .     Gourm    .   (no shield)
rNeg     . . .     Faith    .   d - +0 robe
rPois    .         Spirit   .   (no helmet)
rElec    .         Reflect  .   (no cloak)
rCorr    .         Harm     .   (no gloves)
MR       .....                  (no boots)
Stlth    ++........             (no amulet)
HPRegen  0.04/turn              (no ring)
MPRegen  0.09/turn              (no ring)

@: no status effects
A: no striking features
a: no special abilities


You were on level 1 of the Dungeon.
You were not hungry.

You visited 1 branch of the dungeon, and saw 1 of its levels.

Inventory:

Hand Weapons
 a - a +2 short sword (weapon)
Armour
 d - a +0 robe (worn)
Scrolls
 b - a scroll of identify {unknown}
Comestibles
 c - a ration


   Skills:
 - Level 1.5 Fighting
 - Level 1.0 Short Blades
 - Level 1.0 Throwing
 - Level 1.2 Stealth
 + Level 1.6 Spellcasting
   Level 3.0 Charms
 - Level 2.1 Summonings


You had 2 spell levels left.
You knew the following spells:

 Your Spells              Type           Power        Failure   Level  Hunger
a - Summon Small Mammal   Summ           #...         8%          1    #......

Your spell library contained the following spells:

 Spells                   Type           Power        Failure   Level  Hunger
 Ensorcelled Hibernation  Hex/Ice        #.....       28%         2    ###....
 Throw Frost              Conj/Ice       #.....       28%         2    ###....
 Recall                   Summ/Tloc      N/A          34%         3    ###....


Dungeon Overview and Level Annotations

Branches:
Dungeon (1/15)

Altars:


Message History

c - a ration Welcome, Monsterracer the Deep Elf Wanderer.
It is said that the Orb of Zot exists deep within this dungeon.
Press ? for a list of commands and other information.
Found a staircase leading out of the dungeon.
You begin with the following items: a +2 short sword, a ration, a +0 robe; and the following spell memorised: Summon Small Mammal; and the following spells available to memorise: Ensorcelled Hibernation, Throw Frost, Recall.
Unknown command.
Okay, then.
Found a mace.
You see here a mace.
Found a ring mail.
b - a scroll labeled TETOCAIKIR You open the door.
There is an open door here.
You see here a ring mail.
You open the door.
There is an open door here.
A rat comes into view.
You hit the rat.
You kill the rat!
No target in view!
No target in view!
You see here a rat corpse.
A kobold comes into view.
You see here a brown potion.
A kobold is nearby!
A kobold is nearby!
The kobold hits you.
You take 3 damage, and have 9/12 hp.
MASSIVE DAMAGE!!
You hit the kobold.
The kobold is heavily wounded.
The kobold barely misses you.
You closely miss the kobold.
The kobold is heavily wounded.
The kobold hits you.
* * * LOW HITPOINT WARNING * * *
You take 3 damage, and have 6/12 hp.
MASSIVE DAMAGE!!
You closely miss the kobold.
The kobold is heavily wounded.
The kobold hits you.
* * * LOW HITPOINT WARNING * * *
You hit the kobold.
The kobold is severely wounded.
The kobold closely misses you.
You take 2 damage, and have 4/12 hp.
You hit the kobold but do no damage.
The kobold is severely wounded.
The kobold hits you.
You die...

.# ### #.# ..#
#.# ##### ..# #.#
#...# ..###.#
#.K.# ......#
#.@.# ..#...#
#...# ###...#
#...#
#...##########.##
#...'.......†!.#
#...##########.#
##.[..# ....
#....# .....#
#....# ......#


You could see a kobold.

Vanquished Creatures
  A rat (D:1)
1 creature vanquished.

Notes
Turn   | Place    | Note
-------+----------+-------------------------------------------
     0 | D:1      | Monsterracer the Deep Elf Wanderer began the quest for the
                  | Orb.
     0 | D:1      | Monsterracer set off with the following items: a +2 short
                  | sword, a ration, a +0 robe; and the following spell
                  | memorised: Summon Small Mammal; and the following spells
                  | available to memorise: Ensorcelled Hibernation, Throw
                  | Frost, Recall
     0 | D:1      | Reached XP level 1. HP: 12/12 MP: 5/5
   180 | D:1      | HP: 6/12 [kobold (3)]
   183 | D:1      | Slain by a kobold

Action                   || total
-------------------------++-------
Melee: Short sword       ||     6
Dodge: Dodged            ||     2

Levels and vault maps discovered:
D:1:      wheals_arrival_linesprint, layout_basic, minmay_lizard_king
